 Dungeon Crawl Stone Soup version 0.30-a0-304-gdc4b735fe1 (webtiles) character file.

Game seed: 13976451536699558483

1159 gruber the Destroyer (level 8, 0/46 HPs)
             Began as an Octopode Conjurer on Oct 20, 2022.
             Was an Initiate of Vehumet.
             Slain by an ice beast (8 damage)
             ... on level 5 of the Dungeon.
             The game lasted 00:05:46 (4451 turns).

gruber the Destroyer (Octopode Conjurer)            Turns: 4451, Time: 00:05:47

Health: 0/46       AC:  1    Str:  6    XL:     8   Next: 39%
Magic:  10/15      EV: 13    Int: 22    God:    Vehumet [......]
Gold:   211        SH:  0    Dex: 11    Spells: 10/17 levels left

rFire   . . .      SeeInvis .    j - +2 dagger (venom)
rCold   . . .      Faith    .    (no shield)
rNeg    . . .      Spirit   .    (helmet restricted)
rPois   .          Reflect  .    t - amulet of magic regeneration
rElec   .          Harm     .    (no ring)
rCorr   .          Rampage  .    (no ring)
Will    .....                    (no ring)
Stlth   +++.......               (no ring)
HPRegen 0.27/turn                (no ring)
MPRegen 0.54/turn                (no ring)
                                 (no ring)
                                 (no ring)

@: no status effects
A: almost no armour, amphibious, 8 rings, camouflage 1, gelatinous body 1,
(nimble swimmer 1), tentacles
a: Renounce Religion


You were on level 5 of the Dungeon.
You worshipped Vehumet.
Vehumet was noncommittal.
You visited 2 branches of the dungeon, and saw 6 of its levels.

You collected 211 gold pieces.

Inventory:

Hand Weapons
 j - a +2 dagger of venom (weapon)
 k - a +1 spear of freezing
 o - a +1 spectral quarterstaff
Jewellery
 t - an amulet of magic regeneration (around mantle)
Wands
 m - a wand of charming (6)
 q - a wand of roots (7)
Scrolls
 b - 7 scrolls of teleportation {unknown}
 c - 4 scrolls of identify {unknown}
 d - 3 scrolls of enchant weapon {unknown}
 e - a scroll of blinking {unknown}
 l - 2 scrolls of fear {unknown}
 p - a scroll of acquirement {unknown}
 s - a scroll of amnesia {unknown}
 u - a scroll of immolation {unknown}
Potions
 a - 2 potions of magic
 f - a potion of ambrosia {unknown}
 g - 2 potions of resistance {unknown}
 h - 5 potions of brilliance {unknown}
 i - 6 potions of curing {unknown}
 n - a potion of invisibility {unknown}
 r - a potion of heal wounds {unknown}


   Skills:
 - Level 2.0 Dodging
 - Level 2.6 Stealth
 - Level 5.0 Spellcasting
 - Level 9.0 Conjurations
 * Level 2.1 Translocations


You had 10 spell levels left.
You knew the following spells:

 Your Spells              Type           Power      Damage    Failure   Level
a - Magic Dart            Conj           100%       1d8       1%          1
b - Searing Ray           Conj           90%        2d7       1%          2
c - Iskenderun's Mystic   Conj/Tloc      29%        2d7       11%         4

Your spell library contained the following spells:

 Spells                   Type           Power      Damage    Failure   Level
 Dazzling Flash           Conj/Hex       50%        N/A       4%          3
 Fulminant Prism          Conj/Hex       12%        3d9       16%         4


Dungeon Overview and Level Annotations

Branches:
Dungeon (5/15)             Temple (1/1) D:5

Altars:
Dithmenos
Fedhas
Hepliaklqana
Kikubaaqudgha
Nemelex Xobeh
Okawaru
Qazlal
Ru
Sif Muna
Trog
Uskayaw
Vehumet
Xom
Yredelemnul
Zin
The Shining One


Innate Abilities, Weirdness & Mutations

You cannot wear most types of armour.
You are amphibious.
You can wear up to eight rings at the same time.
Your skin changes colour to match your surroundings (Stealth+).
Your rubbery body absorbs attacks. (AC +1, EV +1)
((You are camouflaged when in or above water. (Stealth+)))
You have tentacles for arms and can constrict up to eight enemies at once.


Message History

Confirm with . or Enter, or press ? or * to list all spells.
The spell is quite dangerous to miscast (11% risk of failure)!
Continue anyway?
Okay, then.
Unknown command.
Unknown command.
Casting: Iskenderun's Mystic Blast (quite dangerous; 11% risk of failure)
Confirm with . or Enter, or press ? or * to list all spells.
Aiming: Searing Ray (safe; 1% risk of failure)
Press: ? - help, Shift-Dir - straight line, f - ice beast
Aim: an ice beast (82% to hit)
The searing ray misses the ice beast. (Press . to maintain the ray.) Unknown command.
The searing ray hits the ice beast!
The ice beast is moderately wounded.
The ice beast closely misses you.
The searing ray hits the ice beast!
The ice beast is heavily wounded.
The ice beast hits you. The ice beast freezes you!
The searing ray hits the ice beast.
The ice beast is severely wounded.
You finish channelling your searing ray.
The ice beast barely misses you.
Casting: Searing Ray (safe; 1% risk of failure)
Confirm with . or Enter, or press ? or * to list all spells.
Aiming: Searing Ray (safe; 1% risk of failure)
Press: ? - help, Shift-Dir - straight line, f/p - ice beast
Aim: an ice beast (severely wounded, 82% to hit)
The searing ray hits the ice beast.
The ice beast is almost dead. (Press . to maintain the ray.)
The ice beast hits you. The ice beast freezes you!
* * * LOW HITPOINT WARNING * * *
Unknown command.
The searing ray hits the ice beast.
The ice beast is almost dead.
The ice beast hits you.
* * * LOW HITPOINT WARNING * * *
The ice beast freezes you!
You die...

.......## #.......##..
...##...### #~
.~###.........
####..#...# #~.
.~##..........
#....####.###~.
♣.~#........... ..####
#...#~.♣♣♣..~#....[......
### ###.#
......~#........... ###
~..~~ #...........
#####Y'####...........
##.##.@................
##.............
#...#..##..##.. ######
#......##.##
...>.#####..###.....#
.###........##.........
.####..#...##.......##.
......#.......##....#
..#####.##...## .....#


You could see an ice beast.

Vanquished Creatures
  Grinder (D:3)
  Sigmund (D:2)
  A water moccasin (D:5)
  A centaur (D:5)
  2 phantoms (D:4)
  A scorpion (D:5)
  A gnoll sergeant (D:5)
  An iguana (D:5)
  An orc wizard (D:3)
  Ijyb (D:3)
  11 gnolls
  9 adders
  5 worms
  A dart slug (D:1)
  8 orcs
  7 bats
  3 endoplasms
  A giant cockroach (D:2)
  7 goblins
  3 hobgoblins
  6 jackals (D:4)
  8 quokkas
  6 ball pythons
  2 frilled lizards (D:2)
  8 kobolds
  2 rats (D:1)
98 creatures vanquished.

Notes
Turn   | Place    | Note
-------+----------+-------------------------------------------
     0 | D:1      | gruber the Octopode Conjurer began the quest for the Orb.
     0 | D:1      | Reached XP level 1. HP: 11/11 MP: 3/3
   267 | D:1      | Found a faded altar of an unknown god.
   291 | D:1      | Reached XP level 2. HP: 17/17 MP: 1/5
   941 | D:2      | Reached XP level 3. HP: 21/21 MP: 3/6
  1028 | D:2      | Reached skill level 5 in Conjurations
  1313 | D:1      | Learned a level 2 spell: Searing Ray
  1422 | D:2      | Noticed Sigmund
  1430 | D:2      | Killed Sigmund
  1431 | D:2      | Reached skill level 6 in Conjurations
  1431 | D:2      | Reached XP level 4. HP: 27/27 MP: 1/7
  1431 | D:2      | Reached XP level 5. HP: 31/31 MP: 1/8
  1562 | D:2      | Reached skill level 7 in Conjurations
  1739 | D:2      | Reached XP level 6. HP: 36/36 MP: 3/9
  2202 | D:3      | Noticed Grinder
  2371 | D:3      | Found a basalt altar of Yredelemnul.
  2507 | D:3      | Noticed Ijyb
  2511 | D:3      | Killed Ijyb
  2514 | D:3      | Paralysed by Grinder for 4 turns
  2622 | D:3      | Paralysed by Grinder for 4 turns
  2628 | D:3      | Killed Grinder
  2629 | D:3      | Reached skill level 8 in Conjurations
  2629 | D:3      | Reached XP level 7. HP: 31/41 MP: 1/10
  2840 | D:3      | Found an iron altar of Okawaru.
  3128 | D:4      | Reached skill level 9 in Conjurations
  3595 | D:4      | Found a shimmering altar of Xom.
  3597 | D:4      | Noticed an angel
  3601 | D:4      | Found a glowing silver altar of Zin.
  3789 | D:4      | Found a hide-covered altar of Uskayaw.
  3846 | D:4      | Found a shadowy altar of Dithmenos.
  3846 | D:4      | Found a glowing golden altar of the Shining One.
  3846 | D:4      | Found a sacrificial altar of Ru.
  4019 | D:5      | Entered Level 5 of the Dungeon
  4019 | D:5      | Found a sparkling altar of Nemelex Xobeh.
  4074 | D:5      | Found a blossoming altar of Fedhas.
  4133 | D:5      | Reached XP level 8. HP: 46/46 MP: 7/14
  4211 | D:5      | Learned a level 4 spell: Iskenderun's Mystic Blast
  4221 | D:5      | Reached skill level 5 in Spellcasting
  4229 | D:5      | Found a staircase to the Ecumenical Temple.
  4239 | Temple   | Entered the Ecumenical Temple
  4256 | Temple   | Became a worshipper of Vehumet
  4343 | D:5      | Reached skill level 1 in Translocations
  4451 | D:5      | Slain by an ice beast

Illustrated notes

Levels and vault maps discovered:
D:1:      erik_arrival_blinker_ship, layout_basic, ebering_ecumenical_altar_box
D:2:      layout_rooms, minmay_misc_feat_cross,
          nicolae_concentric_dashed_squares_wild, uniq_sigmund
D:3:      layout_rooms, mainiacjoe_overflow_big_doors, minmay_crystal_room,
          nicolae_wormholes, uniq_grinder, uniq_ijyb
D:4:      layout_cave_pools, grunt_temple_overflow_order_and_chaos_1,
          mainiacjoe_overflow_cross_hatched, gammafunk_temple_overflow_claw,
          nrook_campfire
D:5:      layout_rooms, mainiacjoe_overflow_concentric_impassable,
          fedhas_bush_and_centaur_altar, minmay_temple_entry_sparse_star,
          kennysheep_generic_room_7
Temple:   eino_wide_crystal_templ

Skill      XL: |  1  2  3  4  5  6  7  8 |
---------------+-------------------------+-----
Conjurations   | 6 7 8 9 |  9.0
Spellcasting   | 4 5 |  5.0
Translocations | 2 |  2.1
Dodging        | |  2.0
Stealth        | |  2.6

Action                   |  1- 3 |  4- 6 |  7- 9 || total
-------------------------+-------+-------+-------++-------
Melee: Constrict         |     2 |     6 |     9 ||    17
       Tentacles         |     2 |     6 |     6 ||    14
       Short sword       |     1 |       |       ||     1
       Dagger            |     6 |    27 |    28 ||    61
       Quarterstaff      |       |       |     5 ||     5
 Cast: Magic Dart        |    50 |    27 |    50 ||   127
       Searing Ray       |     1 |     9 |    18 ||    28
Evoke: Wand              |       |     2 |       ||     2
 Stab: Sleeping          |       |     5 |     1 ||     6
Armor: Skin              |     1 |     3 |     1 ||     5
Dodge: Dodged            |     7 |    13 |    25 ||    45

Table legend: (Time is in decaauts)
 A = Elapsed time spent in this place.
 B = Non-inter-level travel time spent in this place.
 C = Inter-level travel time spent in this place.
 D = Time resting spent in this place.
 E = Time spent auto-exploring this place.
 F = Levels seen in this place.
 G = Mean time per level.
                   A        B        C        D        E       F      G
               +--------+--------+--------+--------+--------+-----+--------+
         Total |   4448 |   4234 |    214 |      5 |   3569 |   6 |  741.3 |
       Dungeon |   4419 |   4218 |    201 |      5 |   3564 |   5 |  883.8 |
        Temple |     29 |     17 |     12 |      0 |      5 |   1 |   29.0 |
               +--------+--------+--------+--------+--------+-----+--------+

Top non-repeatable levels by time:
     D:3: 1116 daAuts
     D:4: 973 daAuts
     D:2: 969 daAuts
     D:1: 958 daAuts
     D:5: 402 daAuts
  Temple: 29 daAuts
